 Dungeon Crawl Stone Soup version 0.19-a0-1047-g4b671ad (webtiles) character file.

91 zzzxxxyyy the Covered (level 4, -5/40 HPs)
             Began as a Minotaur Fighter on July 31, 2016.
             Slain by a gnoll
             ... wielding a +0 flail
              (10 damage)
             ... on level 2 of the Dungeon.
             The game lasted 00:02:49 (1017 turns).

zzzxxxyyy the Covered (Minotaur Fighter)            Turns: 1017, Time: 00:02:50

Health: -5/40      AC:  7    Str: 27    XL:     4   Next: 34%
Magic:  3/3        EV:  8    Int:  5    God:
Gold:   48         SH: 10    Dex:  9    Spells: 0 memorised, 3 levels left

rFire  . . .     SeeInvis .     a - +0 war axe
rCold  . . .     Gourm    .     b - +0 scale mail
rNeg   . . .     Faith    .     c - +0 shield
rPois  .         Spirit   .     (helmet restricted)
rElec  .         Dismiss  .     (no cloak)
rCorr  .         Reflect  .     (no gloves)
SustAt .         Harm     .     (no boots)
MR     .....                    (no amulet)
Stlth  ..........               (no ring)
                                (no ring)

@: mighty, not resistant to hostile enchantments, extremely unstealthy
A: retaliatory headbutt, horns 2
a: no special abilities


You were on level 2 of the Dungeon.
You were hungry.

You visited 1 branch of the dungeon, and saw 2 of its levels.

You collected 48 gold pieces.

Inventory:

Hand Weapons
 a - a +0 war axe (weapon)
Armour
 b - a +0 scale mail (worn)
 c - a +0 shield (worn)
Scrolls
 e - a scroll of remove curse {unknown}
 h - a scroll of amnesia {unknown}
 i - a scroll of identify {unknown}
 j - a scroll of enchant armour {unknown}
 k - a scroll of magic mapping {unknown}
 m - a scroll of immolation {unknown}
Comestibles
 f - a bread ration
 g - 4 fruits
 l - 9 chunks of flesh
 n - a meat ration


   Skills:
 + Level 3.9 Fighting
 * Level 4.0 Axes
 + Level 4.4 Armour
 + Level 1.5 Dodging
 + Level 3.9 Shields


You had 3 spell levels left.
You didn't know any spells.

Dungeon Overview and Level Annotations

Branches:
Dungeon (2/15)

Altars:


Innate Abilities, Weirdness & Mutations

You reflexively headbutt those who attack you in melee.
You have a pair of horns on your head.


Message History

The gnoll is severely wounded.
The gnoll hits you from afar with a spear.
You block the gnoll's attack.
You barely miss the gnoll. Your headbutt misses the gnoll.
The gnoll is severely wounded.
The gnoll hits you from afar with a spear.
The gnoll barely misses you. The gnoll closely misses you.
You barely miss the gnoll. Your headbutt misses the gnoll.
The gnoll is severely wounded.
The gnoll hits you with a flail!
* * * LOW HITPOINT WARNING * * *
The gnoll hits you but does no damage.
You are too injured to fight recklessly!
You are too injured to fight recklessly!
You are too injured to fight recklessly!
You are too injured to fight recklessly!
You are too injured to fight recklessly!
You feel very mighty all of a sudden. The gnoll hits you with a flail!
You die...

.#.......÷.#
.).#....)### #.#
#.###...## #.# #.#
##.## #.# ..####.## #%#
###.....#######.#
#....).......#.#
##^#.#)'#.#...#.######
.....#..#.†.....@gg..#
.#.###..###....####...#
..÷'.#..#.'...## #.#
...'.#)(#.÷...#
...########...#
.....#..#....##
...#.#''#.#..#
#............#
.............#


You could see 2 gnolls.

Vanquished Creatures
  2 gnolls (D:2)
  2 adders (D:2)
  2 dart slugs (D:1)
  A worm (D:2)
  2 giant geckos
  6 bats
  4 giant cockroaches
  2 hobgoblins
  4 jackals
  11 kobolds
  A quokka (D:2)
  2 ball pythons (D:1)
  4 rats
43 creatures vanquished.

Notes
Turn   | Place    | Note
-------+----------+-------------------------------------------
     0 | D:1      | zzzxxxyyy the Minotaur Fighter began the quest for the Orb.
     0 | D:1      | Reached XP level 1. HP: 19/19 MP: 0/0
    71 | D:1      | Reached XP level 2. HP: 17/27 MP: 1/1
   324 | D:1      | Reached skill level 1 in Dodging
   821 | D:1      | Reached XP level 3. HP: 33/33 MP: 2/2
   975 | D:2      | Reached XP level 4. HP: 38/40 MP: 3/3
  1017 | D:2      | Slain by a gnoll

Vault maps used:
D:1:      dpeg_arrival_round_b, minmay_shallow_snake_nest
D:2:      grunt_temple_overflow_open, first_bread, minmay_mini_jars, uniq_robin,
          uniq_terence

Skill      XL: |  1  2  3  4 |
---------------+-------------+-----
Dodging        | 1 |  1.5
Axes           | 3 4 |  4.0
Armour         | 4 |  4.4
Fighting       | |  3.9
Shields        | |  3.9

Action                   |  1- 3 |  4- 6 || total
-------------------------+-------+-------++-------
Melee: War axe           |    91 |    15 ||   106
       Headbutt          |    11 |     5 ||    16
  Use: Potion            |       |     1 ||     1
Armor: Scale mail        |    39 |     4 ||    43
Dodge: Dodged            |    33 |     8 ||    41
Block: Shield            |    51 |    10 ||    61
